 Dungeon Crawl Stone Soup version 0.20.1-1-g8b1a95d (webtiles) character file.

212 AverageBear the Cutter (level 5, -3/31 HPs)
             Began as a Deep Elf Fighter on July 20, 2017.
             Killed from afar by an orc wizard (13 damage)
             ... with a puff of frost
             ... on level 4 of the Dungeon.
             The game lasted 00:03:02 (2885 turns).

AverageBear the Cutter (Deep Elf Fighter)           Turns: 2885, Time: 00:03:02

Health: -3/31      AC:  6    Str: 14    XL:     5   Next: 58%
Magic:  7/7        EV:  9    Int: 18    God:
Gold:   147        SH:  8    Dex: 14    Spells: 4/4 levels left

rFire    . . .     SeeInvis .   n - +3 short sword (freeze)
rCold    . . .     Gourm    .   c - +0 shield
rNeg     + . .     Faith    .   y - +1 ring mail {rN+}
rPois    .         Spirit   .   (no helmet)
rElec    .         Reflect  .   (no cloak)
rCorr    .         Harm     .   (no gloves)
MR       .....                  (no boots)
Stlth    +.........             s - amulet of magic regeneration
Regen    0.1/turn               (no ring)
MPRegen  0.2/turn               (no ring)

@: brilliant, drained
A: no striking features
a: no special abilities


You were on level 4 of the Dungeon.
You were hungry.

You visited 1 branch of the dungeon, and saw 4 of its levels.

You collected 147 gold pieces.

Inventory:

Hand Weapons
 a - a +0 rapier
 n - a +3 short sword of freezing (weapon)
Armour
 b - a +0 scale mail
 c - a +0 shield (worn)
 y - a +1 ring mail of positive energy (worn)
Jewellery
 s - an amulet of magic regeneration (around neck)
Scrolls
 e - 2 scrolls of recharging
 h - 2 scrolls of fog
 k - 2 scrolls of teleportation
 m - a scroll of amnesia {unknown}
Potions
 d - a potion of might
 g - 2 potions of resistance
 q - a potion of berserk rage
 r - a potion of curing
Books
 x - a book of Minor Magic

   Spells                             Type                      Level
   a - Magic Dart                     Conjuration                  1
   b - Blink                          Translocation                2
   c - Call Imp                       Summoning                    2
   d - Slow                           Hexes                        2
   e - Conjure Flame                  Conjuration/Fire             3
   f - Mephitic Cloud                 Conjuration/Poison/Air       3
Comestibles
 f - 3 bread rations
 j - 2 chunks of flesh
 l - a meat ration
 u - 2 royal jellies


   Skills:
 - Level 2.4(1.6) Fighting
 - Level 5.1(4.3) Short Blades
 - Level 2.4(1.6) Armour
 + Level 3.1(2.4) Dodging
 - Level 2.4(1.6) Shields


You had 4 spell levels left.
You didn't know any spells.

Dungeon Overview and Level Annotations

Branches:
Dungeon (4/15)
 Temple: D:4-7

Altars:
Cheibriados
Dithmenos
Qazlal


Message History

You hit the orc wizard. You freeze the orc wizard.
The orc wizard is heavily wounded.
The orc wizard closely misses you.
The orc wizard hits you but does no damage.
You partially resist.
You feel drained.
You hit the orc wizard. You freeze the orc wizard.
The orc wizard is severely wounded.
You block the orc wizard's attack.
You hit the orc wizard but do no damage.
The orc wizard is severely wounded.
The orc wizard closely misses you. You block the orc wizard's attack.
You hit the orc wizard. You freeze the orc wizard.
The orc wizard is almost dead.
The orc wizard completely misses you.
You miss the orc wizard.
The orc wizard is almost dead.
You block the orc wizard's attack. The orc wizard casts a spell at you.
The puff of frost hits you!
You die...

## #.##. ## #.####
#.##. #..
#...#########.##.
###..###...............
#.....#.#.##.#.##.#.##.
#.#.##.##.##.#.##.#....
#.........##.#.......#.
#..###o#####.####.##...
# #@# #.# #...... #.#
... ...###. #.# ...
...# . ..# ... ...# ###
..... ...


You could see an orc wizard.

Vanquished Creatures
  A scorpion (D:4)
  An orc wizard (D:4)
  A worker ant (D:4)
  3 adders
  3 dart slugs
  7 orcs (D:3)
  2 giant cockroaches (D:3)
  2 goblins
  4 hobgoblins
  18 jackals
  4 quokkas
  7 bats
  6 frilled lizards
  7 kobolds
  7 rats
73 creatures vanquished.

Notes
Turn   | Place    | Note
-------+----------+-------------------------------------------
     0 | D:1      | AverageBear the Deep Elf Fighter began the quest for the Orb.
     0 | D:1      | Reached XP level 1. HP: 13/13 MP: 3/3
   183 | D:1      | Reached XP level 2. HP: 11/18 MP: 4/4
   289 | D:1      | Reached skill level 3 in Short Blades
   893 | D:2      | Reached XP level 3. HP: 10/22 MP: 5/5
  1144 | D:2      | Reached skill level 4 in Short Blades
  1419 | D:2      | Found a snail-covered altar of Cheibriados.
  1419 | D:2      | Found a shadowy altar of Dithmenos.
  1664 | D:2      | Reached XP level 4. HP: 27/27 MP: 6/6
  2081 | D:3      | Found a stormy altar of Qazlal.
  2495 | D:4      | Reached skill level 5 in Short Blades
  2558 | D:4      | Reached XP level 5. HP: 24/31 MP: 7/7
  2885 | D:4      | Killed from afar by an orc wizard

Skill      XL: |  1  2  3  4  5 |
---------------+----------------+-----
Short Blades   | 3 4 5 |  5.1
Dodging        | 2 3 |  3.1
Fighting       | |  2.4
Armour         | |  2.4
Shields        | |  2.4

Action                   |  1- 3 |  4- 6 || total
-------------------------+-------+-------++-------
Melee: Rapier            |    74 |       ||    74
       Short sword       |    70 |   119 ||   189
  Use: Scroll            |     1 |     8 ||     9
       Potion            |       |     7 ||     7
  Eat: Chunk             |     3 |     3 ||     6
Armor: Scale mail        |    77 |    18 ||    95
       Ring mail         |       |    15 ||    15
Dodge: Dodged            |    50 |    20 ||    70
Block: Shield            |    69 |    44 ||   113
